 Dungeon Crawl Stone Soup version 0.19.5 (webtiles) character file.

321 equalderp2856 the Skirmisher (level 6, -6/48 HPs)
             Began as a Mummy Fighter on Mar 30, 2017.
             Killed from afar by an orc wizard (15 damage)
             ... with a puff of flame
             ... on level 4 of the Dungeon.
             The game lasted 00:04:38 (2931 turns).

equalderp2856 the Skirmisher (Mummy Fighter)        Turns: 2931, Time: 00:04:39

Health: -6/48      AC:  6    Str: 20    XL:     6   Next: 22%
Magic:  6/6        EV:  7    Int:  7    God:
Gold:   152        SH:  9    Dex: 13    Spells: 0 memorised, 5 levels left

rFire  x . .     SeeInvis .     a - +0 long sword
rCold  + . .     Gourm    .     b - +0 scale mail
rNeg   + + +     Faith    .     c - +0 shield
rPois  ∞         Spirit   .     (no helmet)
rElec  .         Reflect  .     (no cloak)
rCorr  .         Harm     .     (no gloves)
MR     .....                    (no boots)
Stlth  ..........               (no amulet)
                                (no ring)
                                (no ring)

@: no status effects
A: no food or potions, fire vulnerability, cold resistance 1, negative energy
resistance 3, torment resistance, unbreathing
a: no special abilities


You were on level 4 of the Dungeon.
You were not hungry.

You visited 1 branch of the dungeon, and saw 4 of its levels.

You collected 152 gold pieces.

Inventory:

Hand Weapons
 a - a +0 long sword (weapon)
Armour
 b - a +0 scale mail (worn)
 c - a +0 shield (worn)
 f - a cursed +0 robe
Jewellery
 h - a +3 ring of dexterity {unknown}
Wands
 l - a wand of flame (11/48)
Scrolls
 d - 2 scrolls of recharging {unknown}
 e - a scroll of identify {unknown}
 g - a scroll of fear {unknown}
 i - 2 scrolls of teleportation {unknown}
 j - 2 scrolls of remove curse {unknown}
 k - a scroll of random uselessness {unknown}


   Skills:
 + Level 3.9 Fighting
 + Level 3.5 Long Blades
 + Level 3.5 Armour
 + Level 0.5 Dodging
 + Level 0.3 Stealth
 + Level 3.3 Shields


You had 5 spell levels left.
You didn't know any spells.

Dungeon Overview and Level Annotations

Branches:
Dungeon (4/15)
 Temple: D:4-7

Altars:
Okawaru


Innate Abilities, Weirdness & Mutations

You do not eat or drink.
Your flesh is vulnerable to fire.
You are immune to poison.
Your flesh is cold resistant. (rC+)
You are immune to negative energy. (rN+++)
You are immune to unholy pain and torment.
You can survive without breathing.


Message History

* * * LOW HITPOINT WARNING * * *
The orc wizard gestures at you while chanting.
The puff of flame hits you! The fire burns you terribly!
* * * LOW HITPOINT WARNING * * *
You block the orc's attack. The orc hits you with a whip.
* * * LOW HITPOINT WARNING * * *
Press: ? - help, v - describe, . - travel The floor.
Unknown command.
Press: ? - help, v - describe, . - travel The floor.
The orc wizard barely misses you.
You riposte.
You hit the orc wizard.
The orc wizard is severely wounded.
The orc wizard barely misses you. You block the orc wizard's attack.
You hit the orc wizard.
The orc wizard is almost dead.
The orc wizard points at you and mumbles some strange words.
The puff of flame hits you! The fire burns you terribly!
You die...

#.###..##.##.(##...##.#
### #...%.##÷###...##.#
#.####.##..÷.......##.#
#.†))..............##.#
######..#..#####...##.#
....##.%...## #...##.#
....####..).## #...##[##
....###...#..###...##..#
.............ooo@......#
....##.##..#...#########
....##.###.....#
...<##.# ###...#
.......# #...# .....###
#...# .....# #...#
####.# #...#


You could see an orc wizard and 2 orcs.

Vanquished Creatures
  A scorpion (D:4)
  A howler monkey (D:4)
  An orc wizard (D:3)
  A worker ant (D:4)
  A hound skeleton (D:4)
  Robin (D:4)
  5 adders
  2 oozes (D:1)
  4 worms
  3 dart slugs (D:2)
  2 leopard geckos
  9 orcs
  A ball python (D:3)
  5 giant cockroaches
  15 goblins
  7 hobgoblins
  A quokka (D:3)
  4 bats
  8 frilled lizards
  5 kobolds
  5 rats
82 creatures vanquished.

Notes
Turn   | Place    | Note
-------+----------+-------------------------------------------
     0 | D:1      | equalderp2856 the Mummy Fighter began the quest for the Orb.
     0 | D:1      | Reached XP level 1. HP: 18/18 MP: 1/1
   104 | D:1      | Reached XP level 2. HP: 22/24 MP: 2/2
   716 | D:2      | Reached XP level 3. HP: 26/29 MP: 3/3
  1098 | D:2      | Found an iron altar of Okawaru.
  1515 | D:3      | Reached XP level 4. HP: 34/35 MP: 4/4
  1785 | D:3      | Reached XP level 5. HP: 40/41 MP: 5/5
  2321 | D:4      | Noticed Robin
  2745 | D:4      | Killed Robin
  2745 | D:4      | Reached XP level 6. HP: 32/48 MP: 6/6
  2931 | D:4      | Killed from afar by an orc wizard

Skill      XL: |  1  2  3  4  5 |
---------------+----------------+-----
Long Blades    | 2 3 |  3.5
Shields        | 3 |  3.3
Armour         | 3 |  3.5
Fighting       | |  3.9
Dodging        | |  0.5
Stealth        | |  0.3

Action                   |  1- 3 |  4- 6 || total
-------------------------+-------+-------++-------
Melee: Long sword        |   136 |   189 ||   325
Armor: Scale mail        |    76 |    75 ||   151
Dodge: Dodged            |    41 |    68 ||   109
Block: Shield            |    71 |    84 ||   155
       Rpst.: Long sword |    13 |    25 ||    38
